 Dungeon Crawl Stone Soup version 0.23-a0-484-g29ba69c (webtiles) character file.

8484 Amnesiac the Covert (level 11, -21/67 HPs)
             Began as a Halfling Monk on Nov 30, 2018.
             Was a High Priest of Zin.
             Killed from afar by a deep troll earth mage (24 damage)
             ... with a blast of rock fragments
             ... on level 11 of the Dungeon.
             The game lasted 00:26:29 (11546 turns).

Amnesiac the Covert (Halfling Monk)                Turns: 11546, Time: 00:26:29

Health: -21/67     AC:  9    Str: 12    XL:     11   Next: 56%
Magic:  0/17       EV: 20    Int: 11    God:    Zin [*****.]
Gold:   94         SH:  8    Dex: 23    Spells: 11/12 levels left

rFire    . . .     SeeInvis .   b - +0 short sword (venom)
rCold    + . .     Gourm    .   B - +0 buckler
rNeg     . . .     Faith    .   i - +0 leather armour
rPois    +         Spirit   +   l - +0 helmet
rElec    .         Reflect  .   d - +0 cloak
rCorr    .         Harm     .   (no gloves)
MR       .....                  j - +2 pair of boots
Stlth    +++++.....             D - amulet of guardian spirit
HPRegen  0.21/turn              t - ring of Comiteyh {rPois Int+3 Dex+2}
MPRegen  0.15/turn              v - ring of protection from cold

@: no status effects
A: small, mutation resistance 1
a: Recite, Vitalisation, Imprison, Sanctuary, Donate Gold, Renounce Religion


You were on level 11 of the Dungeon.
You worshipped Zin.
Zin was extremely pleased with you.
You were not hungry.

You visited 2 branches of the dungeon, and saw 12 of its levels.

You collected 578 gold pieces.
You donated 484 gold pieces to Zin.

Inventory:

Hand Weapons
 a - a +2 dagger of holy wrath
 b - a +0 short sword of venom (weapon)
Missiles
 n - 3 steel tomahawks
 E - 4 throwing nets (quivered)
Armour
 d - a +0 cloak (worn)
 i - a +0 leather armour (worn)
 j - a +2 pair of boots (worn)
 l - a +0 helmet (worn)
 w - a +2 chain mail of cold resistance
 y - the -6 shield "Kouc Des" {rElec Int+6}
   (You found it on level 6 of the Dungeon)

   It affects your intelligence (+6).
   It insulates you from electricity.
 B - a +0 buckler (worn)
Jewellery
 t - the ring of Comiteyh (left hand) {rPois Int+3 Dex+2}
   (You found it on level 5 of the Dungeon)

   [ring of poison resistance]

   It affects your intelligence (+3).
   It affects your dexterity (+2).
   It protects you from poison.
 u - an uncursed ring of fire
 v - a ring of protection from cold (right hand)
 D - an amulet of guardian spirit (around neck)
 F - an uncursed amulet of harm
Wands
 x - a wand of paralysis (3)
 J - a wand of digging (4)
Scrolls
 f - 7 scrolls of remove curse {!r}
 g - 2 scrolls of enchant weapon {!r}
 p - 5 scrolls of amnesia {!r}
 q - 5 scrolls of teleportation {!r}
 z - 3 scrolls of identify {!r}
 A - a scroll of magic mapping {!r, unknown}
 C - a scroll of enchant armour {!r, unknown}
 G - a scroll of fear {!r, unknown}
 I - a scroll of blinking {!r}
 L - a scroll of immolation {!r, unknown}
 M - a scroll of fog {!r, unknown}
Potions
 e - 3 potions of curing {!q}
 h - a potion of haste {!q}
 k - 2 potions of brilliance {!q}
 m - 2 potions of berserk rage {!q}
 o - 2 potions of ambrosia {!q, unknown}
 r - a potion of cancellation {!q}
 s - 2 potions of degeneration {!q, unknown}
 H - a potion of mutation {!q}
 N - a potion of flight {!q}
Miscellaneous
 K - a phial of floods
Comestibles
 c - 19 rations
 O - 4 chunks of flesh


   Skills:
 - Level 3.0 Fighting
 + Level 8.0 Short Blades
 - Level 7.0 Armour
 - Level 7.0 Dodging
 + Level 10.3 Stealth
 - Level 7.0 Shields
 - Level 1.0 Spellcasting
 - Level 1.0 Hexes
 - Level 9.0 Invocations


You had 11 spell levels left.
You knew the following spells:

 Your Spells              Type           Power        Failure   Level  Hunger
z - Confusing Touch       Hex            #.....       26%         1    ##.....

Your spell library contained the following spells:

 Spells                   Type           Power        Failure   Level  Hunger
 Confuse                  Hex            #.......     61%         3    ####...
 Gell's Gravitas          Tloc           #.........   75%         3    ####...
 Petrify                  Tmut/Erth      #.......     98%         4    #####..
 Metabolic Englaciation   Hex/Ice        #.........   100%        5    ######.
 Yara's Violent Unravell  Hex/Tmut       #.........   100%        5    ######.


Dungeon Overview and Level Annotations

Branches:
Dungeon (11/15)            Temple (1/1) D:4            Lair (0/6) D:10
    Orc: D:9-12

Altars:
Ashenzari
Cheibriados
Dithmenos
Elyvilon
Fedhas
Gozag
Hepliaklqana
Kikubaaqudgha
Makhleb
Nemelex Xobeh
Okawaru
Qazlal
Ru
Sif Muna
Trog
Uskayaw
Vehumet
Wu Jian
Xom
Yredelemnul
Zin
The Shining One

Shops:
D:6 [

Annotations:
D:3 1 runed door, exclusion: moth of wrath, beholder's ghost, amateur OpVM
D:11 2 runed doors


Innate Abilities, Weirdness & Mutations

You are small and have problems with some larger weapons.
You are somewhat resistant to further mutation.


Message History

The howler monkey howls!
You hit the howler monkey but do no damage.
You hear a bark!
Your +2 dagger of holy wrath stops glowing.
Your +0 short sword of venom begins to drip with poison!
b - a +0 short sword of venom (weapon)
The howler monkey completely misses you.
You hit the howler monkey.
The howler monkey is poisoned.
The howler monkey is lightly wounded.
You block the howler monkey's attack.
You barely miss the howler monkey.
The howler monkey is lightly wounded.
You puncture the howler monkey!
The howler monkey looks even sicker.
The howler monkey is heavily wounded.
You block the howler monkey's attack.
You hit the howler monkey.
The howler monkey is severely wounded.
You block the howler monkey's attack.
You closely miss the howler monkey.
The howler monkey is severely wounded.
The howler monkey closely misses you.
You hit the howler monkey.
The howler monkey is almost dead.
You are feeling hungry.
You kill the howler monkey!
You see here a howler monkey corpse.
You butcher the howler monkey corpse.
O - 5 chunks of flesh (gained 3)
You see here a howler monkey skeleton.
Eating one of 5 chunks of flesh.
You eat one of the 5 chunks of flesh.
This raw flesh tastes terrible.
You see here a howler monkey skeleton.
A deep troll earth mage comes into view.
Found six items.
Unknown command.
A stone giant comes into view.
Found a translucent dagger, a glowing hand axe and a graven book.
The stone giant shouts!
The deep troll earth mage shouts!
The deep troll earth mage misses you.
You block the deep troll earth mage's attack.
The deep troll earth mage claws you but does no damage.
The stone giant throws a large rock.
The large rock barely misses you.
Things that are here:
a large rock; a runed scimitar The deep troll earth mage points at you and mumbles some strange words.
The wall shatters!
The blast of rock fragments hits you!
The stone giant throws a large rock.
The large rock barely misses you.
A bullfrog zombie comes into view.
The deep troll earth mage gestures at you while chanting.
The wall shatters!
The blast of rock fragments hits you!
You clear your throat and prepare to recite. "When the law of the land faltered, Zin rose..."
The stone giant throws a large rock.
The large rock hits you!!!
* * * LOW HITPOINT WARNING * * *
"...from the silver throne, and the fetid masses were..."
The stone giant throws a large rock.
The large rock closely misses you. "...smitten.
And it was thus that the law was made good."
You finish reciting Abominations 25:46.
You see here a howler monkey skeleton.
The stone giant throws a large rock.
The large rock hits you!!
* * * LOW HITPOINT WARNING * * *
The deep troll earth mage points at the stone giant and mumbles some strange The wall shatters!
The blast of rock fragments hits you!
You die...

..#...#####(...###....##
......# #....#<[.[..# #.###.##
##.####)...## ...##..#
#.##......# #.####.#
##.......###
#....#.####......###
#....#.##......###.## ###
#....#.......###รท...# ##.##
.....##....####.@###...##:))##
.........##...###..#####.))).#
...........###..###.C#.##))T#
#...#........###..###T#(##C##
#...#...#......###..#.##.#.#
#####...###......###..###C#(#
#h #...# ##......###.#######.
##.## ........##.+...+Z# #.#
.##....####...###


You could see a stone giant and a deep troll earth mage.

Vanquished Creatures
  2 two-headed ogres
  The ghost of Nr616 the Cleaver, a novice MiFi of Okawaru (D:6)
  A manticore (D:11)
  A freezing wraith (D:11)
  2 hornets
  A wraith (D:11)
  A vampire mosquito (D:11)
  2 black bears (D:9)
  4 orc warriors
  6 ice beasts
  A sky beast (D:6)
  2 phantoms
  2 necrophages
  3 ogres
  A wolf (D:7)
  5 centaurs
  4 bullfrogs
  A gnoll sergeant (D:7)
  A wyvern zombie (D:9)
  8 killer bees
  An electric eel (D:10)
  4 howler monkeys
  3 centaur zombies
  3 crimson imps
  3 jellies (D:9)
  15 hounds
  8 orc wizards
  Crazy Yiuf (D:6)
  6 orc priests
  2 gnoll shamans (D:7)
  2 iguanas
  3 worker ants
  A centaur simulacrum (D:7)
  A bullfrog simulacrum (D:7)
  A hound skeleton (D:10)
  2 worker ant zombies (D:10)
  A howler monkey zombie (D:8)
  19 gnolls (D:7)
  3 howler monkey skeletons
  14 adders
  A shadow imp (D:9)
  A white imp (D:7)
  7 oozes
  2 adder skeletons
  5 worms
  4 dart slugs
  5 leopard geckos
  34 orcs
  5 giant cockroaches
  11 goblins
  8 hobgoblins
  26 jackals
  2 quokkas
  2 ball pythons (D:1)
  11 bats
  A frilled lizard (D:2)
  6 kobolds
  2 quokka skeletons
  11 rats
286 creatures vanquished.

Notes
Turn   | Place    | Note
-------+----------+-------------------------------------------
     0 | D:1      | Amnesiac the Halfling Monk began the quest for the Orb.
     0 | D:1      | Reached XP level 1. HP: 15/15 MP: 1/1
   129 | D:1      | Reached skill level 3 in Stealth
   129 | D:1      | Reached XP level 2. HP: 19/20 MP: 2/2
   793 | D:1      | Reached XP level 3. HP: 25/25 MP: 3/3
  1146 | D:2      | Reached skill level 4 in Stealth
  1207 | D:2      | Reached XP level 4. HP: 25/30 MP: 4/4
  1999 | D:3      | Reached XP level 5. HP: 31/35 MP: 5/5
  2000 | D:3      | Found a sparkling altar of Nemelex Xobeh.
  2015 | D:3      | Reached skill level 5 in Short Blades
  2015 | D:3      | Reached skill level 5 in Stealth
  2166 | D:3      | Found a runed door.
  2166 | D:3      | Noticed beholder's ghost (amateur OpVM)
  2294 | D:3      | Found a faded altar of an unknown god.
  2437 | D:3      | Reached XP level 6. HP: 40/41 MP: 6/6
  2502 | D:3      | Noticed a moth of wrath
  2505 | D:3      | Found a bloodstained altar of Trog.
  2908 | D:3      | Found a glowing golden altar of the Shining One.
  2974 | D:4      | Found a white marble altar of Elyvilon.
  2987 | D:4      | Reached skill level 6 in Stealth
  3060 | D:4      | Reached XP level 7. HP: 20/45 MP: 7/7
  3235 | D:4      | Found a staircase to the Ecumenical Temple.
  3242 | Temple   | Entered the Ecumenical Temple
  3296 | Temple   | Became a worshipper of Zin the Law-Giver
  3296 | Temple   | Reached * piety under Zin
  3296 | Temple   | Reached ** piety under Zin
  3300 | Temple   | Donated 91 gold pieces to Zin
  3301 | Temple   | Donated 46 gold pieces to Zin
  3311 | Temple   | Reached *** piety under Zin
  3761 | D:4      | Learned a level 1 spell: Confusing Touch
  3782 | D:4      | Found a shattered altar of Ashenzari.
  4085 | D:5      | Entered Level 5 of the Dungeon
  4091 | D:5      | Reached skill level 7 in Stealth
  4210 | D:5      | Reached skill level 1 in Spellcasting
  4273 | D:5      | Reached **** piety under Zin
  4301 | D:5      | Reached XP level 8. HP: 51/51 MP: 9/9
  4403 | D:5      | Found a blossoming altar of Fedhas.
  4502 | D:5      | Got a slimy platinum ring
  4519 | D:5      | Identified the ring of Comiteyh {rPois Int+3 Dex+2} (You
                  | found it on level 5 of the Dungeon)
  4536 | D:6      | Donated 77 gold pieces to Zin
  4551 | D:6      | Found Woemuibb's Antique Armour Shoppe.
  4936 | D:6      | Found a shimmering altar of Xom.
  4937 | D:6      | Found a shadowy altar of Dithmenos.
  4939 | D:6      | Found a stormy altar of Qazlal.
  4981 | D:6      | Reached skill level 1 in Hexes
  4992 | D:6      | Got a jewelled shield
  5072 | D:6      | Reached skill level 8 in Stealth
  5121 | D:6      | Identified the -6 shield "Kouc Des" {rElec Int+6} (You
                  | found it on level 6 of the Dungeon)
  5285 | D:6      | Found a runed door.
  5329 | D:6      | Noticed Crazy Yiuf
  5341 | D:6      | Killed Crazy Yiuf
  5341 | D:6      | Reached skill level 1 in Invocations
  5428 | D:7      | Reached skill level 1 in Shields
  5666 | D:7      | Reached XP level 9. HP: 56/56 MP: 9/11
  5711 | D:7      | Reached skill level 5 in Dodging
  5785 | D:7      | Noticed Nr616's ghost (novice MiFi)
  6070 | D:7      | Found a deep blue altar of Sif Muna.
  6178 | D:7      | Found a runed gate.
  6178 | D:7      | Found a runed gate.
  6178 | D:7      | Found a runed gate.
  6824 | D:6      | Donated 75 gold pieces to Zin
  7006 | D:6      | Killed Nr616's ghost
  7006 | D:6      | Reached skill level 5 in Shields
  7006 | D:6      | Reached skill level 5 in Invocations
  7281 | D:6      | Reached XP level 10. HP: 47/63 MP: 14/14
  7282 | D:6      | Found a sacrificial altar of Ru.
  7354 | D:8      | Reached ***** piety under Zin
  7510 | D:8      | Found a hazy altar of Hepliaklqana.
  7537 | D:8      | Found a burning altar of Makhleb.
  8383 | D:9      | Noticed a two-headed ogre
  8534 | D:9      | Donated 92 gold pieces to Zin
  8535 | D:9      | Donated 46 gold pieces to Zin
  8757 | D:9      | Killed a two-headed ogre
  8851 | D:9      | Reached skill level 1 in Armour
  9286 | D:10     | Entered Level 10 of the Dungeon
  9519 | D:10     | Reached XP level 11. HP: 48/67 MP: 17/17
  9565 | D:10     | Reached skill level 9 in Stealth
  9870 | D:10     | Found a staircase to the Lair.
 10341 | D:10     | Found a stormy altar of Qazlal.
 10663 | D:11     | Found a runed door.
 10665 | D:11     | Noticed a white ugly thing
 10666 | D:11     | Found a runed door.
 10666 | D:11     | Found a runed door.
 10669 | D:11     | Noticed a six-headed hydra
 10669 | D:11     | Noticed a manticore
 10678 | D:11     | Reached skill level 5 in Armour
 10706 | D:11     | HP: 2/67 [barbs]
 11113 | D:11     | Noticed a two-headed ogre
 11123 | D:10     | Killed a two-headed ogre
 11123 | D:10     | Reached skill level 10 in Stealth
 11326 | D:11     | Killed a manticore
 11530 | D:11     | Noticed a deep troll earth mage
 11531 | D:11     | Noticed a stone giant
 11546 | D:11     | HP: 3/67 [stone giant/large rock (25)]
 11546 | D:11     | Killed from afar by a deep troll earth mage

Vault maps used:
D:1:      minmay_arrival_hallway, minmay_shallow_snake_nest
D:2:      first_ration
D:3:      tgw_trog, nemelex_xobeh_ov_fountains_minmay, tso_altar,
          ebering_ghost_reflecting_pool, chequers_ecumenical_altar_simple,
          minmay_circle_x
D:4:      lemuel_coloured_pillars_altar, elyvilon_altar_5,
          minmay_temple_entry_junction, minmay_door_square
D:5:      overflow_temple_1_default
D:6:      marbit_many_paths, minitemple, serial_shops, shop,
          uniq_crazy_yiuf_cottage
D:7:      gammafunk_ghost_icy, serial_gnoll_camp, gnoll_camp_mini_doghouse,
          gnoll_camp_mini_hut, gnoll_camp_mini_loothouse,
          gnoll_camp_mini_doghouse, gnoll_camp_medium_02,
          gnoll_camp_mini_doghouse, tgw_sif
D:8:      kennysheep_mini_moat, nicolae_overflow_crystal_walls
D:9:      hangedman_little_slice_of_home
D:10:     dpeg_oklobed_lair, minivault_14, grunt_qazlal_clouds
D:11:     minmay_the_grid_four_pointed_star_mashed
Temple:   jpeg_temple_alley_garden

Skill      XL: |  1  2  3  4  5  6  7  8  9 10 11 |
---------------+----------------------------------+-----
Stealth        | 3 4 5 6 7 8 10 | 10.3
Short Blades   | 4 5 6 7 8 |  8.0
Spellcasting   | 1 |  1.0
Hexes          | 1 |  1.0
Fighting       | 3 |  3.0
Invocations    | 2 5 9 |  9.0
Shields        | 2 5 7 |  7.0
Dodging        | 4 6 7 |  7.0
Armour         | 3 7 |  7.0

Action                   |  1- 3 |  4- 6 |  7- 9 | 10-12 || total
-------------------------+-------+-------+-------+-------++-------
Melee: Short sword       |    86 |   195 |   367 |   429 ||  1077
       Dagger            |       |    63 |    49 |   102 ||   214
Throw: Throwing net      |       |       |       |     1 ||     1
 Cast: Confusing Touch   |       |       |     3 |     5 ||     8
Invok: Donate Gold       |       |       |     4 |     2 ||     6
       Recite            |       |       |    10 |    11 ||    21
Evoke: Wand              |       |       |       |     4 ||     4
  Use: Scroll            |       |       |    10 |     7 ||    17
       Potion            |       |       |     1 |     6 ||     7
 Stab: Sleeping          |     5 |     4 |    14 |     9 ||    32
       Confused          |       |       |     5 |     8 ||    13
       Distracted        |       |       |     4 |     4 ||     8
       Invisible         |       |       |       |     5 ||     5
       Held in net/web   |       |       |       |     3 ||     3
       Paralysed         |       |       |       |     1 ||     1
  Eat: Chunk             |     1 |     6 |    10 |    15 ||    32
       Ration            |       |       |     1 |       ||     1
Armor: Leather armour    |    13 |     5 |    87 |    67 ||   172
       Robe              |     6 |       |       |       ||     6
       Scale mail        |       |    67 |     3 |       ||    70
Dodge: Dodged            |    82 |   123 |   386 |   345 ||   936
Block: Buckler           |       |       |     1 |   164 ||   165

Table legend:
 A = Non-vault XP
 B = Vault XP
 C = Vault XP percentage of total XP
 D = Non-vault monster count
 E = Vault monster count
 F = Vault count percentage of total count
                 A         B        C        D         E       F
            +---------+---------+-------+---------+---------+-------
      Total |    8986 |    3135 |  25.9 |     212 |      74 |  25.9
            +---------+---------+-------+---------+---------+-------
        D:1 |      29 |       1 |   3.3 |      19 |       1 |   5.0
        D:2 |      85 |       0 |   0.0 |      19 |       0 |   0.0
        D:3 |     207 |      66 |  24.2 |      36 |      15 |  29.4
        D:4 |     315 |       0 |   0.0 |      10 |       0 |   0.0
        D:5 |     369 |       0 |   0.0 |       7 |       0 |   0.0
        D:6 |     492 |     795 |  61.8 |      20 |       8 |  28.6
        D:7 |     697 |     891 |  56.1 |      15 |      37 |  71.2
        D:8 |     596 |       0 |   0.0 |      11 |       0 |   0.0
        D:9 |    2574 |     160 |   5.9 |      25 |       8 |  24.2
       D:10 |    2884 |       0 |   0.0 |      33 |       0 |   0.0
       D:11 |     738 |    1222 |  62.3 |      17 |       5 |  22.7
            +---------+---------+-------+---------+---------+-------
